 Dungeon Crawl Stone Soup version 0.29.0-4-gdea44cf6ec (webtiles) character file.

Game seed: 10756233050000561238

14 qw the Sneak (level 2, -4/19 HPs)
             Began as a Gargoyle Delver on Sept 10, 2022.
             Slain by a water moccasin (6 damage)
             ... on level 5 of the Dungeon.
             The game lasted 00:00:03 (160 turns).

qw the Sneak (Gargoyle Delver)                       Turns: 160, Time: 00:00:04

Health: -4/19      AC:  5    Str: 15    XL:     2   Next: 45%
Magic:  2/2        EV: 11    Int: 10    God:
Gold:   0          SH:  0    Dex: 11    Spells: 1/1 levels left

rFire   . . .      SeeInvis .   a - +0 hand axe
rCold   . . .      Faith    .   (no shield)
rNeg    + . .      Spirit   .   b - +0 leather armour
rPois   inf        Reflect  .   (no helmet)
rElec   +          Harm     .   (no cloak)
rCorr   .          Rampage  .   (no gloves)
Will    .....                   (no boots)
Stlth   +++.......              (no amulet)
HPRegen 0.06/turn               (no ring)
MPRegen 0.08/turn               (no ring)

@: no status effects
A: sickness immunity, AC +2, negative energy resistance 1, electricity
resistance, torment resistance 1, petrification resistance
a: no special abilities


You were on level 5 of the Dungeon.
You visited 1 branch of the dungeon, and saw 1 of its levels.


Innate Abilities, Weirdness & Mutations

You are immune to sickness and miasma.
Your stone body is resilient. (AC +2)
You are immune to poison.
You resist negative energy. (rN+)
You are resistant to electric shocks. (rElec)
You are resistant to unholy torment.
You are immune to petrification.


   Skills:
 - Level 3.2 Fighting
 + Level 2.7 Axes
 - Level 1.5 Dodging
 - Level 5.4 Stealth


You had one spell level left.
You didn't know any spells.
Your spell library was empty.

Inventory:

Hand Weapons
 a - a +0 hand axe (weapon)
Armour
 b - a +0 leather armour (worn)
Wands
 g - a wand of digging (3)
Scrolls
 c - a scroll of fog
 d - a scroll of magic mapping
 e - a scroll of fear
 h - a scroll of amnesia {unknown}
Potions
 f - a potion of haste

Dungeon Overview and Level Annotations

Branches:
Dungeon (5/15)
 Temple: D:4-7

Altars:


Message History

You open the door.
You see here an adder corpse.
There is an open door here.
h - a scroll labelled VIACIF KIZATH An ufetubus comes into view.
The ufetubus shouts!
A water moccasin comes into view.
115 ||| Stepping ~*~*~tactically~*~*~ (stealth).
An ufetubus is nearby!
The ufetubus closely misses you.
The ufetubus hits you but does no damage.
You hit the ufetubus.
The ufetubus is almost dead.
The ufetubus closely misses you. The ufetubus hits you.
The ufetubus barely misses you. x2
You hit the ufetubus.
You kill the ufetubus!
You start resting.
A water moccasin is nearby!
148 ||| Stepping ~*~*~tactically~*~*~ (stealth).
You start resting.
A water moccasin is nearby!
The water moccasin hisses angrily.
You slash the water moccasin!
The water moccasin is moderately wounded.
The water moccasin bites you. x2
You closely miss the water moccasin.
The water moccasin is moderately wounded.
The water moccasin bites you but does no damage.
An ice beast comes into view.
You hit the water moccasin but do no damage.
The water moccasin is moderately wounded.
The water moccasin bites you. The water moccasin bites you!
You hit the water moccasin but do no damage.
The water moccasin is moderately wounded.
The water moccasin bites you. The water moccasin barely misses you.
You barely miss the water moccasin.
The water moccasin is moderately wounded.
The water moccasin bites you.
You die...

#.................
#..............##+ #.S
##...##....##..##.
#..###...##....##.....
...#....#............
..#....#............
#.###..###...##...>.
##.###..###### #.....
#..S@....Y...........
+....................
#...##..###...##..##.
##..##..# .. #####.
#..##...# . ..
+.......+ . #..##..##
#..##..# #..#


You could see a water moccasin and an ice beast.

Vanquished Creatures
  An adder (D:5)
  An ufetubus (D:5)
2 creatures vanquished.

Notes
Turn   | Place    | Note
-------+----------+-------------------------------------------
     0 | D:5      | qw the Gargoyle Delver began the quest for the Orb.
     0 | D:5      | Reached XP level 1. HP: 14/14 MP: 1/1
     0 | D:5      | 0 ||| qw: Version: 0.1-a-116-g5d60599
     0 | D:5      | 0 ||| qw: Game counter: 8318
     0 | D:5      | 0 ||| qw: Always use a shield: true
     0 | D:5      | 0 ||| qw: God list: Okawaru
     0 | D:5      | 0 ||| qw: Allow faded altars: false
     0 | D:5      | 0 ||| qw: Do Orc after D:15 true
     0 | D:5      | 0 ||| qw: Do second Lair branch before Depths: true
     0 | D:5      | 0 ||| qw: Lair rune preference: random
     0 | D:5      | 0 ||| qw: Plans: Normal
     0 | D:5      | 0 ||| PLANNING D:1-11
     4 | D:5      | 4 ||| Stepping ~*~*~tactically~*~*~ (stealth).
    27 | D:5      | Reached XP level 2. HP: 15/19 MP: 2/2
   114 | D:5      | Noticed a water moccasin
   115 | D:5      | 115 ||| Stepping ~*~*~tactically~*~*~ (stealth).
   148 | D:5      | 148 ||| Stepping ~*~*~tactically~*~*~ (stealth).
   157 | D:5      | Noticed an ice beast
   158 | D:5      | HP: 3/19 [water moccasin (8)]
   160 | D:5      | Slain by a water moccasin

Levels and vault maps discovered:
D:5:      cheibrodos_iron_armory, layout_gridville

Skill      XL: |  1 |
---------------+----+-----
Axes           | 2 |  2.7
Fighting       | |  3.2
Dodging        | |  1.5
Stealth        | |  5.4

Action                   || total
-------------------------++-------
Melee: Hand axe          ||    14
Armor: Leather armour    ||     5
Dodge: Dodged            ||     9

Table legend:
 A = Non-vault XP
 B = Vault XP
 C = Vault XP percentage of total XP
 D = Non-vault monster count
 E = Vault monster count
 F = Vault count percentage of total count
                 A         B        C        D         E       F
            +---------+---------+-------+---------+---------+-------
      Total |      21 |       0 |   0.0 |       2 |       0 |   0.0
            +---------+---------+-------+---------+---------+-------
        D:5 |      21 |       0 |   0.0 |       2 |       0 |   0.0
            +---------+---------+-------+---------+---------+-------
